 Dungeon Crawl Stone Soup version 0.19.5 (webtiles) character file.

10236 galech the Cleaver (level 11, -1/100 HPs)
             Began as a Deep Dwarf Fighter on Mar 14, 2017.
             Was a Priest of Makhleb.
             Slain by a white ugly thing (29 damage)
             ... on level 11 of the Dungeon.
             The game lasted 00:23:25 (8349 turns).

galech the Cleaver (Deep Dwarf Fighter)             Turns: 8349, Time: 00:23:26

Health: -1/100     AC: 20    Str: 26    XL:     11   Next: 33%
Magic:  5/5        EV:  7    Int:  9    God:    Makhleb [***...]
Gold:   911        SH: 18    Dex: 17    Spells: 0 memorised, 10 levels left

rFire  . . .     SeeInvis .     O - +3 broad axe
rCold  . . .     Gourm    .     x - +4 plate armour
rNeg   . . .     Faith    .     D - +0 large shield
rPois  .         Spirit   .     (helmet restricted)
rElec  .         Reflect  .     B - +0 cloak
rCorr  .         Harm     +     m - +0 pair of gloves
MR     +....     Clarity  +     (no boots)
Stlth  ..........               n - amulet of harm
                                c - +3 ring of strength
                                P - +5 ring of dexterity

@: non-regenerating
A: damage resistance, recharge devices, antennae 1, clarity, sense surroundings
2, slow regeneration 3
a: Device Recharging, Minor Destruction, Lesser Servant of Makhleb, Renounce
Religion


You were on level 11 of the Dungeon.
You worshipped Makhleb.
Makhleb was most pleased with you.
You were not hungry.

You visited 2 branches of the dungeon, and saw 12 of its levels.
You also visited: Sewer and Ossuary.

You collected 911 gold pieces.

Inventory:

Hand Weapons
 a - a +0 war axe
 O - a +3 broad axe (weapon)
Armour
 b - a +0 scale mail
 m - a +0 pair of gloves (worn)
 x - a +4 plate armour (worn)
 B - a +0 cloak (worn)
 D - a +0 large shield (worn)
Jewellery
 c - a +3 ring of strength (right hand)
 l - an uncursed amulet of magic regeneration
 n - an amulet of harm (around neck)
 p - an uncursed ring of positive energy
 t - an uncursed amulet of regeneration {unknown}
 w - an uncursed ring of magical power
 C - an uncursed ring of stealth
 P - a +5 ring of dexterity (left hand)
 S - an uncursed ring of resist corrosion
 T - an uncursed ring of positive energy
Wands
 e - a wand of heal wounds (3/9)
 H - a wand of paralysis (6/24)
 J - a wand of lightning (11/15)
 Z - a wand of digging (16/24)
Scrolls
 r - 4 scrolls of fear
 s - 5 scrolls of remove curse
 u - 3 scrolls of random uselessness
 y - 3 scrolls of magic mapping
 G - a scroll of holy word
 M - 2 scrolls of teleportation
 N - 4 scrolls of recharging
 R - a scroll of fog
Potions
 d - 3 potions of might
 g - 2 potions of degeneration {unknown}
 h - 3 potions of agility {unknown}
 k - 9 potions of curing {unknown}
 q - 3 potions of magic {unknown}
 v - 2 potions of brilliance {unknown}
 z - a potion of lignification
 E - 4 potions of mutation {unknown}
 F - 3 potions of heal wounds {unknown}
 V - a potion of flight
 W - a potion of ambrosia
Books
 K - a book of Cantrips

   Spells                             Type                      Level
   a - Confusing Touch                Hexes                        1
   b - Animate Skeleton               Necromancy                   1
   c - Summon Small Mammal            Summoning                    1
   d - Apportation                    Translocation                1
Comestibles
 f - 13 bread rations
 i - 5 chunks of flesh
 j - 6 fruits
 o - a royal jelly
 A - 2 beef jerkies
 I - 5 meat rations


   Skills:
 + Level 7.5 Fighting
 + Level 12.7 Axes
 + Level 7.9 Armour
 + Level 4.4 Dodging
 + Level 1.6 Stealth
 + Level 8.9 Shields
 + Level 3.2 Evocations


You had 10 spell levels left.
You didn't know any spells.

Dungeon Overview and Level Annotations

Branches:
Dungeon (11/15)            Temple (1/1) D:7            Lair (0/6) D:11
    Orc (0/2) D:10

Altars:
Ashenzari
Cheibriados
Dithmenos
Elyvilon
Fedhas
Gozag
Hepliaklqana
Kikubaaqudgha
Makhleb
Nemelex Xobeh
Okawaru
Qazlal
Ru
Sif Muna
Trog
Uskayaw
Vehumet
Xom
Yredelemnul
Zin
The Shining One

Shops:
D:6 :


Innate Abilities, Weirdness & Mutations

You are resistant to damage.
You can recharge devices by infusing magical energy.
You passively map the area around you.
You do not regenerate.
You have a pair of small antennae on your head.
You possess an exceptional clarity of mind.


Message History

The white ugly thing is lightly wounded.
The white ugly thing claws you! The white ugly thing freezes you!
You completely miss the white ugly thing.
The white ugly thing is lightly wounded.
You block the white ugly thing's attack. x2
You closely miss the white ugly thing.
The white ugly thing is lightly wounded.
The white ugly thing claws you but does no damage.
You slice the white ugly thing!!
The white ugly thing is heavily wounded.
You block the white ugly thing's attack.
Your plate armour prevents you from hitting the white ugly thing.
The white ugly thing is heavily wounded.
You block the white ugly thing's attack.
You closely miss the white ugly thing.
The white ugly thing is heavily wounded.
The white ugly thing claws you!
* * * LOW HITPOINT WARNING * * *
The white ugly thing freezes you!!
You die...

**
*#......#######....
#......#.....#....
#......#...†.'..>. *,
, #......#...)†#....
,,,#......#.....#....
,#......#.....#..).
,#......#######.... ,
##+##................
, , ,
#..u@................
#...#................
,
##+##................
, , *
######........... , ,
,, ,+ #.......#### ,
, ,#.......'... , ,
##+##.......#... ,,,
, #...........#... ,
, #...........#...


You could see a white ugly thing.

Vanquished Creatures
  Erolcha (D:10)
  An unseen horror (D:11)
  3 hill giants
  Joseph (D:8)
  2 centaur skeletons
  A gargoyle (D:10)
  A troll (D:9)
  2 hippogriffs (D:10)
  A spriggan (D:7)
  A wyvern (D:10)
  A shadow (D:11)
  A steam dragon (D:9)
  Menkaure (D:6)
  A mottled dragon (D:11)
  2 sky beasts
  A phantom (D:3)
  6 orc warriors
  2 ice beasts
  7 ogres
  A necrophage (D:9)
  A crocodile (D:8)
  2 elf zombies (Ossuary)
  9 big kobolds
  3 bullfrogs
  Blork the orc (D:5)
  A water moccasin skeleton (D:9)
  9 killer bees
  8 crimson imps
  A bullfrog zombie (D:5)
  2 centaur zombies (Ossuary)
  4 hounds
  A human zombie (Ossuary)
  9 orc priests
  Crazy Yiuf (D:3)
  A jelly (D:9)
  7 orc wizards
  A bullfrog skeleton (D:11)
  Terence (D:2)
  4 worker ants
  3 iguanas
  2 big kobold zombies (Ossuary)
  3 mummies
  A howler monkey zombie (D:10)
  8 adders
  5 gnolls (D:5)
  2 river rats
  4 shadow imps
  7 oozes
  2 adder zombies (Ossuary)
  3 adder skeletons
  10 worms
  4 dart slugs
  8 leopard geckos
  45 orcs
  7 giant cockroaches
  31 goblins
  24 hobgoblins
  8 jackals
  19 kobolds
  3 quokkas
  8 ball pythons
  3 bats (D:2)
  3 frilled lizards (D:1)
  4 goblin zombies
  9 hobgoblin zombies
  A jackal skeleton (D:4)
  A jackal zombie (Ossuary)
  10 kobold zombies (Ossuary)
  A leopard gecko skeleton (D:3)
  6 orc zombies (Ossuary)
  A quokka skeleton (D:4)
  A quokka zombie (D:7)
  15 rats
365 creatures vanquished.

Notes
Turn   | Place    | Note
-------+----------+-------------------------------------------
     0 | D:1      | galech the Deep Dwarf Fighter began the quest for the Orb.
     0 | D:1      | Reached XP level 1. HP: 20/20 MP: 1/1
   121 | D:1      | Found a shattered altar of Ashenzari.
   327 | D:1      | Reached XP level 2. HP: 24/27 MP: 2/2
   725 | D:2      | Reached XP level 3. HP: 30/34 MP: 3/3
   796 | D:2      | Reached skill level 3 in Axes
  1035 | D:2      | Noticed Terence
  1038 | D:2      | Killed Terence
  1038 | D:2      | Reached skill level 1 in Dodging
  1038 | D:2      | Reached XP level 4. HP: 24/42 MP: 4/4
  1380 | D:3      | Noticed a phantom
  1441 | D:3      | Killed a phantom
  1441 | D:3      | Reached skill level 4 in Axes
  1441 | D:3      | Reached XP level 5. HP: 42/49 MP: 5/5
  1443 | D:3      | Found a snail-covered altar of Cheibriados.
  1737 | D:3      | Found a runed door.
  1741 | D:3      | Noticed Crazy Yiuf
  1748 | D:3      | Killed Crazy Yiuf
  2073 | D:4      | Found an opulent altar of Gozag.
  2165 | D:4      | Reached skill level 5 in Axes
  2165 | D:4      | Reached XP level 6. HP: 31/57 MP: 6/6
  2223 | D:4      | Found a glowing drain.
  2258 | Sewer    | Entered a sewer
  2517 | Sewer    | Reached skill level 6 in Axes
  2517 | Sewer    | Reached XP level 7. HP: 27/63 MP: 7/7
  3117 | D:5      | Entered Level 5 of the Dungeon
  3194 | D:5      | Found a shadowy altar of Dithmenos.
  3385 | D:5      | Identified the Tome of Mutagenic Envenoming
  3656 | D:5      | Reached skill level 5 in Shields
  3759 | D:5      | Reached skill level 7 in Axes
  3759 | D:5      | Reached XP level 8. HP: 49/72 MP: 7/7
  3769 | D:5      | Noticed Blork the orc
  3779 | D:5      | Killed Blork the orc
  3779 | D:5      | Reached skill level 5 in Armour
  3995 | D:5      | Reached skill level 1 in Evocations
  4001 | D:5      | Reached skill level 8 in Axes
  4323 | D:6      | Found Highoymp's Book Shop.
  4418 | D:6      | Noticed Menkaure
  4421 | D:6      | Killed Menkaure
  4585 | D:6      | Reached skill level 5 in Fighting
  4711 | D:7      | Found a staircase to the Ecumenical Temple.
  4717 | D:7      | Gained mutation: You passively map the area around you. [Deep Dwarf growth]
  4717 | D:7      | Reached XP level 9. HP: 67/81 MP: 8/8
  4723 | Temple   | Entered the Ecumenical Temple
  4871 | D:7      | Found a sand-covered staircase.
  4877 | Ossuary  | Entered an ossuary
  4920 | Ossuary  | Reached skill level 9 in Axes
  5842 | D:7      | Found a shimmering altar of Xom.
  5846 | D:7      | Found a hazy altar of Hepliaklqana.
  5853 | D:7      | Found a white marble altar of Elyvilon.
  5853 | D:7      | Found a blossoming altar of Fedhas.
  5974 | D:8      | Found a burning altar of Makhleb.
  5984 | D:8      | Became a worshipper of Makhleb the Destroyer
  6072 | D:8      | Reached skill level 10 in Axes
  6122 | D:8      | Noticed Joseph
  6133 | D:8      | Killed Joseph
  6509 | D:9      | Reached * piety under Makhleb
  6587 | D:9      | Reached XP level 10. HP: 65/91 MP: 7/7
  6631 | D:9      | Reached skill level 11 in Axes
  6656 | D:9      | Noticed a hill giant
  6669 | D:9      | Killed a hill giant
  6687 | D:9      | Found a hide-covered altar of Uskayaw.
  7021 | D:9      | Reached ** piety under Makhleb
  7097 | D:10     | Entered Level 10 of the Dungeon
  7198 | D:10     | Noticed a hill giant
  7207 | D:10     | Killed a hill giant
  7244 | D:10     | Found a shimmering altar of Xom.
  7278 | D:10     | Found a staircase to the Orcish Mines.
  7287 | D:10     | Reached skill level 1 in Stealth
  7320 | D:10     | Gained mutation: You have large cloven feet. [mutagenic meat]
  7321 | D:10     | Gained mutation: You are resistant to hostile enchantments. (MR+) [mutagenic meat]
  7322 | D:10     | Gained mutation: You are weak. (Str -2) [mutagenic meat]
  7323 | D:10     | Gained mutation: You are clumsy. (Dex -2) [mutagenic meat]
  7324 | D:10     | Gained mutation: You are surrounded by a mild repulsion field. (EV +2) [mutagenic meat]
  7350 | D:10     | Noticed Erolcha
  7369 | D:10     | Killed Erolcha
  7413 | D:10     | Reached skill level 12 in Axes
  7487 | D:10     | Noticed a gargoyle
  7502 | D:10     | Killed a gargoyle
  7545 | D:10     | Noticed a hill giant
  7555 | D:10     | Killed a hill giant
  7555 | D:10     | Reached XP level 11. HP: 65/100 MP: 5/5
  8093 | D:11     | Killed an unseen horror
  8117 | D:11     | Reached *** piety under Makhleb
  8121 | D:11     | Gained mutation: You have a pair of small antennae on your head. [mutagenic meat]
  8123 | D:11     | Gained mutation: You are frail. (-10% HP) [mutagenic meat]
  8125 | D:11     | Gained mutation: You possess an exceptional clarity of mind. [mutagenic meat]
  8243 | D:11     | Lost mutation: You are weak. (Str -2) [potion of cure mutation]
  8243 | D:11     | Lost mutation: You are surrounded by a mild repulsion field. (EV +2) [potion of cure mutation]
  8243 | D:11     | Lost mutation: You are clumsy. (Dex -2) [potion of cure mutation]
  8243 | D:11     | Lost mutation: You are resistant to hostile enchantments. (MR+) [potion of cure mutation]
  8243 | D:11     | Lost mutation: You are frail. (-10% HP) [potion of cure mutation]
  8243 | D:11     | Lost mutation: You have large cloven feet. [potion of cure mutation]
  8286 | D:11     | Found a staircase to the Lair.
  8341 | D:11     | Noticed a white ugly thing
  8349 | D:11     | Slain by a white ugly thing

Skill      XL: |  1  2  3  4  5  6  7  8  9 10 |
---------------+-------------------------------+-----
Fighting       | 3 4 5 7 |  7.5
Axes           | 3 4 5 6 7 8 10 12 | 12.7
Dodging        | 1 2 3 4 |  4.4
Armour         | 4 5 6 7 |  7.9
Shields        | 4 5 6 7 8 |  8.9
Evocations     | 1 2 3 |  3.2
Stealth        | 1 |  1.6

Action                   |  1- 3 |  4- 6 |  7- 9 | 10-12 || total
-------------------------+-------+-------+-------+-------++-------
Melee: War axe           |   107 |   273 |   288 |       ||   668
       Broad axe         |       |       |   279 |   246 ||   525
       Kick              |       |       |       |    39 ||    39
 Abil: Device Recharging |       |       |     4 |     4 ||     8
Evoke: Wand              |       |     2 |    14 |    14 ||    30
  Use: Potion            |     1 |       |       |     1 ||     2
       Scroll            |       |       |     6 |    13 ||    19
 Stab: Sleeping          |       |       |       |     1 ||     1
  Eat: Chunk             |     1 |     5 |    15 |    16 ||    37
Armor: Scale mail        |    46 |   105 |   207 |    59 ||   417
       Plate armour      |       |       |       |    86 ||    86
Dodge: Dodged            |    30 |    70 |   166 |   107 ||   373
Block: Shield            |    57 |   145 |   310 |   131 ||   643
       Large shield      |       |       |       |    80 ||    80
